 Dungeon Crawl Stone Soup version 0.17-a0-1046-ga09e34d (webtiles) character file.

612 Charly the Insei (level 7, -1/52 HPs)
             Began as a Demonspawn Monk on May 15, 2015.
             Was a Believer of Cheibriados.
             Killed by divine providence
             ... invoked by an orc priest
              (13 damage)
             ... on level 4 of the Dungeon.
             The game lasted 00:28:01 (1920 turns).

Charly the Insei (Demonspawn Monk)                  Turns: 1920, Time: 00:28:01

Health: -1/52      AC:  7    Str: 16    XL:     7   Next: 20%
Magic:  18/18      EV: 15    Int: 20    God:    Cheibriados [**....]
Gold:   16         SH:  0    Dex: 23    Spells: 0 memorised, 6 levels left

rFire  . . .     SeeInvis .       - Unarmed
rCold  . . .     Clarity  .     r - +2 leather armour {rPois}
rNeg   . . .     SustAb   .     (no shield)
rPois  +         Gourm    .     (no helmet)
rElec  .         Spirit   .     j - +0 cloak
rCorr  .         Warding  .     (no gloves)
rMut   .         Stasis   .     (no boots)
MR     .....                    (no amulet)
Stlth  ++........               m - +4 ring of intelligence
                                l - ring of magical power

@: very slow, not resistant to hostile enchantments, unstealthy
A: claws 1, molten scales 1, powered by pain 1, rot immunity
a: Bend Time, Renounce Religion


You were on level 4 of the Dungeon.
You worshipped Cheibriados.
Cheibriados was pleased with you.
You were full.

You visited 1 branch of the dungeon, and saw 6 of its levels.

You collected 208 gold pieces.
You spent 192 gold pieces at shops.

Inventory:

Missiles
 e - 2 curare-tipped needles
Armour
 j - a +0 cloak (worn)
 r - a +2 leather armour of poison resistance (worn)
Jewellery
 l - a ring of magical power (left claw)
 m - a +4 ring of intelligence (right claw)
Scrolls
 f - a scroll of magic mapping
 g - a scroll of enchant armour {unknown}
 i - 5 scrolls of immolation
 n - 2 scrolls of noise
 p - 2 scrolls of identify
 q - a scroll of amnesia {unknown}
Potions
 c - a potion of agility
 h - a potion of magic
 k - a potion of flight
 o - a potion of ambrosia {unknown}
Comestibles
 b - 3 bread rations
 d - 4 meat rations


   Skills:
 - Level 3.6 Fighting
 + Level 3.7 Dodging
 - Level 1.7 Stealth
 * Level 6.9 Unarmed Combat
 + Level 3.0 Invocations


You had 6 spell levels left.
You didn't know any spells.

Dungeon Overview and Level Annotations

Branches:
Dungeon (6/15)
 Temple: D:4-7

Altars:
Cheibriados
Ru

Shops:
D:4 [

Annotations:
D:3 chonchonts's ghost, average CeGl
D:4 Duvessa


Innate Abilities, Weirdness & Mutations

You have sharp fingernails.
You are partially covered in molten scales (AC +1).
You sometimes gain a little power by taking damage.
You are immune to rotting.


Message History

The orc priest hits you from afar with a trident.
The orc wizard is no longer bleeding.
The orc wizard casts a spell at you. The magic dart hits you!
* * * LOW HITPOINT WARNING * * *
The orc priest misses you.
The orc wizard points at you and mumbles some strange words.
The magic dart hits you!
The orc priest glows brightly for a moment.
Things that are here:
a whip; a leather armour You scratch the orc priest.
The orc priest begins to bleed from its wounds!
The orc priest is lightly wounded.
The orc wizard misses you.
You scratch the orc priest.
The orc priest is heavily wounded.
The orc priest calls down the wrath of Beogh upon you.
Something smites you!
You die...

###.<..........##.##.......#
..###.#........#..##.......#
# #....##.#....####.....## #
.##..##...#### #######
####.##..###....#
..o......###!.#.#
######....#..##.### .#
##....#.###.o.######
.####.........o.@......#
)...#.##....#####o######
.........#...### S#
####..#........# ..
#.....##..∩###..
#.#..###..[.##..
##.....##..#o# #.#
#............# .# ###
#)##....#.##...r.#


You could see an orc priest (bleeding), an orc wizard, an adder and an orc.

Vanquished Creatures
  A necrophage (D:5)
  2 scorpions (D:4)
  A centaur zombie (D:6)
  2 orc priests
  A crimson imp (D:5)
  A centaur skeleton (D:4)
  3 hounds
  2 worker ants
  A worker ant zombie (D:5)
  3 adders
  An ooze (D:2)
  An adder skeleton (D:5)
  An adder zombie (D:5)
  5 giant geckos
  9 orcs
  6 goblins
  5 hobgoblins
  7 jackals
  5 quokkas
  9 bats
  3 giant cockroaches
  6 giant newts
  3 kobolds
  A quokka zombie (D:5)
  11 rats
90 creatures vanquished.

Notes
Turn   | Place    | Note
--------------------------------------------------------------
     0 | D:1      | Charly the Demonspawn Monk began the quest for the Orb.
     0 | D:1      | Reached XP level 1. HP: 18/18 MP: 1/1
    97 | D:1      | Reached skill level 4 in Unarmed Combat
    97 | D:1      | Gained mutation: You sometimes gain a little power by taking damage. [demonic ancestry]
    97 | D:1      | Reached XP level 2. HP: 17/24 MP: 2/2
   393 | D:2      | Gained mutation: You have sharp fingernails. [demonic ancestry]
   393 | D:2      | Reached XP level 3. HP: 22/29 MP: 3/3
   621 | D:3      | Noticed chonchonts's ghost (average CeGl)
   705 | D:3      | Reached XP level 4. HP: 15/35 MP: 4/4
   843 | D:3      | Reached skill level 5 in Unarmed Combat
   929 | D:3      | You fall through a shaft for 3 floors!
  1136 | D:6      | Noticed an ice beast
  1185 | D:6      | Noticed a hill giant
  1238 | D:6      | Gained mutation: You are immune to rotting. [demonic ancestry]
  1238 | D:6      | Reached XP level 5. HP: 30/41 MP: 5/5
  1241 | D:5      | Entered Level 5 of the Dungeon
  1241 | D:5      | Found a sacrificial altar of Ru.
  1379 | D:5      | Noticed an ogre
  1395 | D:5      | Noticed a necrophage
  1413 | D:5      | Killed a necrophage
  1413 | D:5      | Reached skill level 6 in Unarmed Combat
  1413 | D:5      | Gained mutation: You are partially covered in molten scales (AC +1). [demonic ancestry]
  1413 | D:5      | Reached XP level 6. HP: 22/47 MP: 6/6
  1440 | D:5      | Found a snail-covered altar of Cheibriados.
  1445 | D:5      | Became a worshipper of Cheibriados the Contemplative
  1445 | D:5      | Acquired Cheibriados's first power
  1518 | D:5      | Reached skill level 1 in Invocations
  1641 | D:4      | Reached XP level 7. HP: 23/52 MP: 8/8
  1835 | D:4      | Noticed Duvessa
  1878 | D:4      | Found Xojibipny's Armour Emporium.
  1882 | D:4      | Bought a +2 leather armour of poison resistance for 192 gold pieces
  1920 | D:4      | Killed from afar by an orc priest

Vault maps used:
D:1:      dpeg_arrival_round_b, minmay_statues_item
D:3:      zin_academy, grunt_temple_overflow_open, uniq_jessica
D:4:      serial_shops, shop, uniq_duvessa
D:5:      lemuel_round_altar, kennysheep_little_box, first_bread
D:6:      nicolae_dithmenos_through_a_glass_darkly

Action                   |  1- 3 |  4- 6 |  7- 9 || total
-------------------------+-------+-------+-------++-------
Melee: Unarmed           |   145 |   132 |    44 ||   321
Invok: Bend Time         |       |     1 |     2 ||     3
  Use: Scroll            |     3 |     5 |     1 ||     9
       Potion            |     1 |     2 |       ||     3
 Stab: Sleeping          |     3 |     1 |       ||     4
       Distracted        |     1 |       |       ||     1
  Eat: Pizza             |     1 |     2 |       ||     3
       Beef jerky        |       |     1 |     1 ||     2
